 Dungeon Crawl Stone Soup version 0.15.2 (webtiles) character file.

13 bullock the Magician (level 2, 0/15 HPs)
             Began as a Gargoyle Wizard on Nov 21, 2014.
             Slain by a kobold
             ... wielding a +1 short sword of speed
              (4 damage)
             ... on Level 1 of the Dungeon.
             The game lasted 00:02:55 (660 turns).

bullock the Magician (Gargoyle Wizard)               Turns: 660, Time: 00:02:55

HP   0/15        AC  4     Str 10      XL: 2   Next: 37%
MP   1/6         EV 11     Int 18      God:
Gold 5           SH  0     Dex  8      Spells:  3 memorised,  2 levels left

rFire  . . .     SeeInvis .     j - +0 whip
rCold  + . .     Clarity  .     a - +0 robe
rNeg   + . .     rCorr    .     (no shield)
rPois  +         rRot     +     b - +0 hat
rElec  +         Spirit   .     (no cloak)
SustAb .         Warding  .     (no gloves)
rMut   .         Stasis   .     (no boots)
Gourm  .                        (no amulet)
MR     .....                    (no ring)
                                f - ring of protection from cold

@: very slightly contaminated, repel missiles, not resistant to hostile
enchantments, unstealthy
A: negative energy resistance 1, electricity resistance, unbreathing,
petrification resistance, rot immunity, AC +2
a: no special abilities


You were on level 1 of the Dungeon.
You were not hungry.

You visited 1 branch of the dungeon, and saw 1 of its levels.

You collected 5 gold pieces.

Inventory:

Hand weapons
 j - a +0 whip (weapon)
Armour
 a - a +0 robe (worn)
 b - a +0 hat (worn)
Comestibles
 d - 2 bread rations
Scrolls
 e - a scroll of identify {unknown}
 i - a scroll of fear {unknown}
Jewellery
 f - a ring of protection from cold (left hand)
Potions
 g - a potion of brilliance {unknown}
 h - a potion of curing {unknown}
Books
 c - a book of Minor Magic

   Spells                             Type                      Level
   *Magic Dart                        Conjuration                  1
   *Blink                             Translocation                2
   Call Imp                           Summoning                    2
   *Repel Missiles                    Charms/Air                   2
   Slow                               Hexes                        2
   Conjure Flame                      Conjuration/Fire             3
   Mephitic Cloud                     Conjuration/Poison/Air       3


   Skills:
 - Level 1.5 Dodging
 - Level 2.1 Stealth
 + Level 3.1 Spellcasting
 * Level 2.2 Conjurations
   Level 0.8 Summonings
 - Level 0.8 Translocations


You had 2 spell levels left.
You knew the following spells:

 Your Spells              Type           Power        Failure   Level  Hunger
a - Magic Dart            Conj           ##..         8%          1    None
q - Blink                 Tloc           N/A          17%         2    ##.....
v - Repel Missiles        Chrm/Air       #.....       28%         2    ##.....


Dungeon Overview and Level Annotations

Branches:
Dungeon (1/15)

Altars:


Innate Abilities, Weirdness & Mutations

You are resistant to torment.
You are immune to poison.
Your stone body is very resilient (AC +2).
You resist negative energy.
You are resistant to electric shocks.
You can survive without breathing.
You are immune to petrification.
You are immune to rotting.


Message History

You see here a whip.
j - a whip The kobold shouts!
The kobold throws a stone.
The stone hits you but does no damage.
Wield which item (- for none, * to show all)? (? for menu, Esc to quit)
j - a +0 whip (weapon)
The kobold hits you with a glowing short sword.
You see here a stone.
The kobold hits you but does no damage. The kobold barely misses you.
You hit the kobold.
The kobold is moderately wounded.
The kobold hits you with a glowing short sword.
You closely miss the kobold.
The kobold hits you with a glowing short sword.
You closely miss the kobold.
The kobold hits you with a glowing short sword.
* * * LOW HITPOINT WARNING * * *
The kobold hits you with a glowing short sword.
You die...

....... ..#.. .......
..... ....... #.#.#
..... ..#####.#.# ###.
........#.#
........#.#
........%.(## #
.........#.K#..##
########.#@.....#
#.#.........
############
#.#.#.#####
.#.........###.#.#...
.'.............#.##.##
.#.........#####.# ..
.########### ..# #.#
.# ### . .#


You could see a kobold.

Vanquished Creatures
  A giant gecko (D:1)
  2 oozes (D:1)
  2 goblins (D:1)
  2 bats (D:1)
  2 giant newts (D:1)
  A rat (D:1)
10 creatures vanquished.

Notes
Turn   | Place    | Note
--------------------------------------------------------------
     0 | D:1      | bullock, the Gargoyle Wizard, began the quest for the Orb.
     0 | D:1      | Reached XP level 1. HP: 10/10 MP: 4/4
   451 | D:1      | Reached XP level 2. HP: 15/15 MP: 0/6
   551 | D:1      | Learned a level 2 spell: Blink
   554 | D:1      | Learned a level 2 spell: Repel Missiles
   660 | D:1      | Slain by a kobold

Action                   || total
-------------------------++-------
Melee: Whip              ||     3
       Unarmed           ||     1
 Cast: Magic Dart        ||    40
       Repel Missiles    ||     1
